 Seeded DCSS version 0.27.1-2-g3b301248ec (webtiles) character file.

Game seed: 14551798346683263451 (custom seed)

5595 babuloseo the Grappler (level 10, -1/98 HPs)
             Began as a Troll Fighter on Oct 2, 2021.
             Was a Follower of Uskayaw.
             Succumbed to Sonja's poison
             ... on level 1 of the Orcish Mines.
             The game lasted 00:07:04 (6059 turns).

babuloseo the Grappler (Troll Fighter)              Turns: 6059, Time: 00:07:04

Health: -1/98      AC: 12    Str: 29    XL:     10   Next: 45%
Magic:  4/11       EV:  8    Int:  6    God:    Uskayaw [*.....]
Gold:   347        SH: 10    Dex:  9    Spells: 9/9 levels left

rFire    + + .     SeeInvis .     - Unarmed
rCold    x . .     Faith    .   b - +0 kite shield
rNeg     . . .     Spirit   +   h - +2 fire dragon scales
rPois    .         Reflect  .   (helmet restricted)
rElec    .         Harm     +   t - scarf {harm}
rCorr    .         Rampage  .   (gloves unavailable)
Will     .....                  (boots unavailable)
Stlth    ..........             w - amulet of guardian spirit
HPRegen  1.26/turn              (no ring)
MPRegen  0.12/turn              (no ring)

@: lethally poisoned (-1 -> -31)
A: large, unfitting armour, claws 3, regeneration 1, shaggy fur 1, tough skin 1,
clever 1
a: Renounce Religion, Stomp


You were on level 1 of the Orcish Mines.
You worshipped Uskayaw.
Uskayaw was noncommittal.
You visited 2 branches of the dungeon, and saw 10 of its levels.

You collected 347 gold pieces.

Inventory:

Armour
 a - a +0 robe
 b - a +0 kite shield (worn)
 d - a +0 ring mail
 h - +2 fire dragon scales (worn)
 t - a scarf of harm (worn)
Jewellery
 m - an amulet of faith
 q - a ring of fire
 w - an amulet of guardian spirit (around neck)
Wands
 j - a wand of flame (24)
Scrolls
 e - a scroll of torment {unknown}
 f - 3 scrolls of enchant armour {unknown}
 g - 12 scrolls of identify {unknown}
 k - 2 scrolls of blinking {unknown}
 r - a scroll of brand weapon {unknown}
 s - a scroll of noise {unknown}
 v - a scroll of teleportation {unknown}
 x - 2 scrolls of holy word {unknown}
Potions
 c - a potion of might
 i - 2 potions of brilliance {unknown}
 l - 2 potions of degeneration {unknown}
 n - 4 potions of attraction {unknown}
 o - a potion of heal wounds {unknown}
 p - a potion of magic {unknown}
 z - a potion of haste {unknown}


   Skills:
 + Level 6.0 Fighting
 - Level 1.2 Armour
 + Level 6.1 Dodging
 - Level 0.1 Stealth
 + Level 6.2 Shields
 * Level 9.7 Unarmed Combat
 + Level 3.6 Invocations


You had 9 spell levels left.
You didn't know any spells.
Your spell library contained the following spells:

 Spells                   Type           Power      Damage    Failure   Level
 Magic Dart               Conj           0%         1d3       93%         1
 Blink                    Tloc           N/A        N/A       98%         2
 Call Imp                 Summ           0%         N/A       98%         2
 Searing Ray              Conj           0%         3d3       98%         2
 Dazzling Flash           Conj/Hex       0%         N/A       100%        3
 Lesser Beckoning         Tloc           0%         N/A       100%        3
 Mephitic Cloud           Conj/Pois/Air  0%         N/A       100%        3
 Fulminant Prism          Conj/Hex       0%         3d6       100%        4
 Agony                    Necr           0%         N/A       100%        5
 Manifold Assault         Tloc           0%         N/A       100%        5
 Silence                  Hex/Air        0%         N/A       100%        5


Dungeon Overview and Level Annotations

Branches:
Dungeon (9/15)                Orc (1/2) D:9
 Temple: D:4-7         Lair: D:8-11

Altars:
Ashenzari
Elyvilon
Gozag
Makhleb
Qazlal
Ru
Sif Muna
Uskayaw
Wu Jian
Xom
Zin

Annotations:
Orc:1 Sonja


Innate Abilities, Weirdness & Mutations

You are too large for most types of armour.
You have claws for hands.
Your natural rate of healing is unusually fast.
You are covered in fur. (AC +1)
You have tough skin. (AC +1)
Your mind is acute. (Int +2)


Message History

Sonja hits you with a +1 short sword of venom.
You are more poisoned.
You barely miss Sonja.
You feel very sick. Sonja barely misses you. Sonja hits you but does no damage.
You are more poisoned.
Sonja hits you with a +1 short sword of venom.
You are more poisoned.
The orc priest hits you but does no damage.
You miss Sonja.
You feel extremely sick.
Sonja says, "I'm academy-trained, you know."
Sonja hits you with a +1 short sword of venom.
You are more poisoned.
Sonja barely misses you. Sonja hits you but does no damage.
You are more poisoned.
The orc priest calls down the wrath of Beogh upon you.
Beogh smites you! Sonja hits you but does no damage.
You are more poisoned.
You block Sonja's attack. Sonja hits you but does no damage.
You are more poisoned.
You are too injured to fight recklessly!
Unknown command.
* * * LOW HITPOINT WARNING * * *
You feel extremely sick. You block the orc priest's attack.
The orc wizard gestures at you while chanting.
The puff of flame hits you. You resist.
* * * LOW HITPOINT WARNING * * *
Sonja casts a spell.
Sonja blinks!
You see here a +0 mace.
* * * LOW HITPOINT WARNING * * *
You feel extremely sick.
Sonja throws a curare-tipped dart.
You block the curare-tipped dart.
The orc wizard points at you and mumbles some strange words.
The puff of flame hits you. You resist.
* * * LOW HITPOINT WARNING * * *
There is a staircase back to the Dungeon, spattered with blood here.
You die...

..........
#.........
..........
#.#.......
##....o....
##..........
##)$.........
##..@)o>..$...
#....รท...#....
#....[.....$...
##.............
#.............
...K..........#
.#....$.#.......
#
##.#...##$.#...
##..... ...#.#


You could see Sonja, an orc priest and an orc wizard.

Vanquished Creatures
  Erica (D:9)
  An orc sorcerer (Orc:1)
  A troll (D:9)
  2 hornets
  A wyvern (D:8)
  A vampire (D:9)
  3 yaks (D:6)
  A steam dragon (D:8)
  Edmund (D:6)
  3 wargs (Orc:1)
  An acid dragon (D:7)
  2 water moccasins (D:7)
  An ice beast (D:7)
  4 orc warriors
  A black bear (D:6)
  An ogre (Orc:1)
  2 necrophages
  A centaur (D:9)
  2 phantoms (D:6)
  A bullfrog (D:7)
  2 wyvern zombies
  A scorpion (D:6)
  4 killer bees (D:8)
  3 wights (D:8)
  4 centaur zombies
  A bullfrog zombie (D:6)
  A crimson imp (D:9)
  Crazy Yiuf (D:2)
  2 jellies (D:6)
  2 orc priests (D:9)
  A hound (D:6)
  3 iguanas
  4 orc wizards
  Robin (D:2)
  2 adders
  A white imp (D:7)
  3 adder skeletons
  A worm (D:3)
  A dart slug (D:4)
  19 orcs
  An endoplasm (D:3)
  14 goblins
  12 hobgoblins
  3 jackals (D:4)
  A kobold (D:3)
  A quokka (D:2)
  7 ball pythons
  3 bats (D:2)
  3 rats (D:2)
133 creatures vanquished.

Vanquished Creatures (others)
  An orc wizard (D:7)
1 creature vanquished.

Grand Total: 134 creatures vanquished

Notes
Turn   | Place    | Note
-------+----------+-------------------------------------------
     0 | D:1      | babuloseo the Troll Fighter began the quest for the Orb.
     0 | D:1      | Reached XP level 1. HP: 22/22 MP: 0/0
    16 | D:2      | Found a stormy altar of Qazlal.
    26 | D:2      | Reached XP level 2. HP: 22/29 MP: 1/1
   167 | D:2      | Identified a scroll of acquirement
   167 | D:2      | Acquired +2 fire dragon scales
   277 | D:2      | Found a runed translucent door.
   278 | D:2      | Noticed Crazy Yiuf
   333 | D:2      | Noticed Robin
   341 | D:2      | Reached XP level 3. HP: 30/36 MP: 2/2
   358 | D:2      | Killed Robin
   528 | D:2      | Found Gisot's Antique Weapon Boutique.
   737 | D:2      | Killed Crazy Yiuf
   738 | D:2      | Reached XP level 4. HP: 12/44 MP: 1/3
  1102 | D:3      | Reached skill level 3 in Unarmed Combat
  1155 | D:3      | Found a faded altar of an unknown god.
  1161 | D:3      | Became a worshipper of Uskayaw the Reveller
  1161 | D:3      | Reached * piety under Uskayaw
  1488 | D:3      | Found an opulent altar of Gozag.
  1627 | D:4      | Reached ** piety under Uskayaw
  1795 | D:4      | Identified the +7 spear of Untimely Demise {antimagic,
                  | rCorr}
  1795 | D:4      | Noticed a necrophage
  1802 | D:4      | Killed a necrophage
  1803 | D:4      | Reached skill level 1 in Armour
  1803 | D:4      | Reached XP level 5. HP: 47/52 MP: 4/4
  1835 | D:4      | Found a glowing silver altar of Zin.
  1860 | D:4      | Found a white marble altar of Elyvilon.
  1949 | D:4      | Reached skill level 4 in Unarmed Combat
  2159 | D:4      | Found an ornate altar of the Wu Jian Council.
  2590 | D:5      | Entered Level 5 of the Dungeon
  2595 | D:5      | Found a broken altar of Ashenzari.
  2600 | D:6      | Noticed a necrophage
  2609 | D:6      | Killed a necrophage
  2610 | D:6      | Reached XP level 6. HP: 61/61 MP: 5/5
  2610 | D:6      | Reached *** piety under Uskayaw
  2611 | D:6      | Reached **** piety under Uskayaw
  2648 | D:6      | Noticed Edmund
  2663 | D:6      | Killed Edmund
  2665 | D:6      | Reached skill level 5 in Unarmed Combat
  2665 | D:6      | Reached XP level 7. HP: 60/67 MP: 6/6
  2762 | D:6      | Noticed a yak
  2762 | D:6      | Noticed a yak
  2762 | D:6      | Noticed a yak
  2775 | D:6      | Killed a yak
  2780 | D:6      | Killed a yak
  2784 | D:6      | Reached ***** piety under Uskayaw
  2786 | D:6      | Killed a yak
  2808 | D:6      | Reached skill level 6 in Unarmed Combat
  2808 | D:6      | Reached XP level 8. HP: 78/78 MP: 7/7
  3400 | D:7      | Acquired a scarf of harm
  3520 | D:7      | Reached skill level 7 in Unarmed Combat
  3866 | D:7      | Reached skill level 5 in Shields
  3966 | D:7      | Reached XP level 9. HP: 83/85 MP: 8/8
  4228 | D:7      | Gained mutation: You are resistant to electric shocks.
                  | (rElec) [potion of mutation]
  4262 | D:8      | Reached skill level 5 in Dodging
  4348 | D:8      | Reached skill level 5 in Fighting
  4349 | D:8      | Reached skill level 8 in Unarmed Combat
  4349 | D:8      | Reached skill level 1 in Invocations
  5127 | D:8      | Found a shimmering blue altar of Sif Muna.
  5244 | D:8      | Found a sacrificial altar of Ru.
  5444 | D:8      | Lost mutation: You are resistant to electric shocks.
                  | (rElec) [potion of mutation]
  5444 | D:8      | Gained mutation: You are clumsy. (Dex -2) [potion of
                  | mutation]
  5445 | D:8      | Lost mutation: You are clumsy. (Dex -2) [potion of
                  | mutation]
  5445 | D:8      | Gained mutation: Your mind is acute. (Int +2) [potion of
                  | mutation]
  5459 | D:9      | Noticed Erica
  5473 | D:9      | Killed Erica
  5474 | D:9      | Reached skill level 9 in Unarmed Combat
  5520 | D:9      | Found a burning altar of Makhleb.
  5520 | D:9      | Found a shimmering altar of Xom.
  5582 | D:9      | Reached XP level 10. HP: 96/96 MP: 9/11
  5720 | D:9      | Found a staircase to the Orcish Mines.
  5728 | Orc:1    | Entered Level 1 of the Orcish Mines
  5728 | Orc:1    | Noticed an orc sorcerer
  5732 | Orc:1    | Killed an orc sorcerer
  5737 | Orc:1    | Noticed Sonja
  5771 | D:9      | Identified the +8 great sword "Xyquaj" {elec, rElec}
  6059 | Orc:1    | Succumbed to Sonja's poison

Illustrated notes

Levels and vault maps discovered:
D:1:      lemuel_arrival_river_bridge, layout_rooms
D:2:      layout_loops_cross, basic_altar, serial_shops, shop,
          minmay_goblin_kobold_house, uniq_crazy_yiuf_cottage, uniq_robin
D:3:      layout_basic, grunt_gozag_breadcrumbs,
          hellmonk_ecumenical_altar_heavens_door
D:4:      layout_loops_ring, zin_treasury, elyvilon_altar_3,
          nzn_wu_jian_contemplation, serial_co_window_serial,
          co_window_corner_a, co_window_corner_a, co_window_of_opportunity_a,
          co_window_corner_a, co_window_paths_a, co_window_corner_b,
          co_window_paths_c, co_window_2corner, co_window_paths_c,
          co_window_of_opportunity_b, co_window_of_opportunity_c,
          co_window_of_opportunity_c, glass_columns_a, glass_columns_c
D:5:      layout_gridville, dancing_weapons_uskayaw, ashenzari_altar_1,
          kennysheep_mini_moat, minmay_temple_entry_statues_fountains,
          serial_shops, nicolae_shop_trees, kennysheep_crisscross,
          minmay_circle_x
D:6:      layout_basic, kennysheep_cross_bottleneck, grunt_ministairs_3,
          uniq_edmund
D:7:      layout_loops_corners
D:8:      layout_basic, nicolae_ru_the_path_less_chosen,
          lemuel_coloured_pillars_altar
D:9:      layout_irregular_city, grunt_temple_overflow_champion_of_chaos,
          david_lair_shrubbed, orc_0_dummy, uniq_erica
Orc:1:    layout_caves, uniq_sonja

Skill      XL: |  1  2  3  4  5  6  7  8  9 10 |
---------------+-------------------------------+-----
Shields        | 3 4 5 6 |  6.2
Unarmed Combat | 3 4 5 6 7 9 |  9.7
Dodging        | 3 4 5 6 |  6.1
Armour         | 1 |  1.2
Fighting       | 3 4 5 6 |  6.0
Invocations    | 2 3 |  3.6
Stealth        | |  0.1

Action                   |  1- 3 |  4- 6 |  7- 9 | 10-12 || total
-------------------------+-------+-------+-------+-------++-------
Melee: Unarmed           |    88 |    82 |   184 |    73 ||   427
Invok: Stomp             |       |       |     1 |       ||     1
  Use: Scroll            |     1 |       |     1 |       ||     2
       Potion            |       |       |     7 |       ||     7
 Stab: Paralysed         |       |     2 |     4 |     7 ||    13
Armor: Robe              |    16 |       |       |       ||    16
       Fire dragon scale |    77 |    28 |   100 |    44 ||   249
Dodge: Dodged            |    43 |    13 |    74 |    41 ||   171
Block: Kite shield       |    88 |    33 |   109 |    58 ||   288
